 Dungeon Crawl Stone Soup version 0.27-a0-1181-g5f64966fcc (webtiles) character file.

Game seed: 16781077864459313311

213 leviel the Chopper (level 5, -1/47 HPs)
             Began as a Hill Orc Monk on May 17, 2021.
             Slain by an ogre
             ... wielding a +0 giant club
              (27 damage)
             ... on level 4 of the Dungeon.
             The game lasted 00:02:58 (4552 turns).

leviel the Chopper (Hill Orc Monk)                  Turns: 4552, Time: 00:02:59

Health: -1/47      AC: 10    Str: 11 (14) XL:     5   Next: 90%
Magic:  5/5        EV:  2    Int:  8 (11) God:
Gold:   129        SH:  0    Dex: 11 (13) Spells: 4/4 levels left

rFire    . . .     SeeInvis .   a - +0 hand axe
rCold    . . .     Faith    .   (no shield)
rNeg     . . .     Spirit   .   o - +0 plate armour
rPois    .         Reflect  .   (no helmet)
rElec    .         Harm     .   (no cloak)
rCorr    .         Rampage  .   (no gloves)
Will     .....                  (no boots)
Stlth    ..........             (no amulet)
HPRegen  0.15/turn              (no ring)
MPRegen  0.09/turn              (no ring)

@: no status effects
A: no striking features
a: no special abilities


You were on level 4 of the Dungeon.
You visited 1 branch of the dungeon, and saw 4 of its levels.

You collected 129 gold pieces.

Inventory:

Hand Weapons
 a - a +0 hand axe (weapon)
Missiles
 d - 2 atropa-tipped darts (quivered)
Armour
 o - a +0 plate armour (worn)
 q - a +3 ring mail of cold resistance
Magical Staves
 j - a staff of death
Jewellery
 b - a +6 ring of intelligence
 i - a ring of protection from fire
 n - a ring of willpower
Wands
 f - a wand of acid (7)
Scrolls
 c - a scroll of amnesia {unknown}
 g - a scroll of noise {unknown}
 k - 3 scrolls of identify {unknown}
 l - a scroll of enchant armour {unknown}
 p - 3 scrolls of teleportation {unknown}
Potions
 e - a potion of curing {unknown}
 h - 2 potions of lignification {unknown}
 m - a potion of attraction {unknown}


   Skills:
 + Level 4.7 Fighting
 + Level 6.4 Axes
 + Level 0.3 Armour
 + Level 3.1 Dodging
 + Level 2.4 Stealth


You had 4 spell levels left.
You didn't know any spells.
Your spell library contained the following spells:

 Spells                   Type           Power      Damage    Failure   Level
 Animate Skeleton         Necr           0%         N/A       100%        1
 Apportation              Tloc           0%         N/A       100%        1
 Corona                   Hex            0%         N/A       100%        1
 Summon Small Mammal      Summ           0%         N/A       100%        1


Dungeon Overview and Level Annotations

Branches:
Dungeon (4/15)
 Temple: D:4-7

Altars:
Cheibriados
Hepliaklqana
Wu Jian


Message History

No target in view!
No target in view!
No target in view!
No target in view!
No target in view!
No target in view!
No target in view!
No target in view!
No target in view!
No target in view!
No target in view!
No target in view!
You see here a giant cockroach corpse.
You now have 119 gold pieces (gained 5).
Found a stone staircase leading down.
There is a stone staircase leading down here.
Found a spear.
You now have 129 gold pieces (gained 10).
An ogre comes into view. It is wielding a +0 giant club.
The ogre shouts!
Found a stone staircase leading down.
An ogre is nearby!
Found a scroll labelled CIKHENW TAXTOCY.
You see here 14 gold pieces.
You hit the ogre.
The ogre is lightly wounded.
The ogre completely misses you.
You hit the ogre.
The ogre is lightly wounded.
The ogre hits you with a +0 giant club!
You hit the ogre.
The ogre is lightly wounded.
The ogre hits you with a +0 giant club!
You hit the ogre.
The ogre is moderately wounded.
You barely miss the ogre.
The ogre is moderately wounded.
The ogre hits you with a +0 giant club!!
Ouch! That really hurt!
You die...

##.##.# #.##.##
#.###### .#.##.#
#.##.# #...(..#
.#.##.# #....#
######.# ...##.#
#.#### #.#
.####.## #.# #.#
.###...## #.# #.#
..#....>#####.####
#.#
#................#
#########.#
........#####.##@#
......<<..#
...#...##
#....O..#
###########
######## #+#.#...#
+.#...# ###.>)#
#...# ?.... #...#.


You could see an ogre.

Vanquished Creatures
  A hound (D:3)
  Ijyb (D:3)
  Jessica (D:3)
  An adder (D:2)
  3 worms (D:2)
  3 dart slugs
  2 orcs (D:3)
  13 ball pythons
  6 endoplasms
  3 giant cockroaches
  7 goblins
  5 hobgoblins
  7 jackals
  4 quokkas
  10 bats
  3 frilled lizards
  7 kobolds
  25 rats
  A spectral hobgoblin (D:3)
103 creatures vanquished.

Notes
Turn   | Place    | Note
-------+----------+-------------------------------------------
     0 | D:1      | leviel the Hill Orc Monk began the quest for the Orb.
     0 | D:1      | Reached XP level 1. HP: 19/19 MP: 1/1
   250 | D:1      | Reached XP level 2. HP: 27/27 MP: 2/2
   818 | D:1      | Found a faded altar of an unknown god.
   838 | D:1      | Reached XP level 3. HP: 27/33 MP: 3/3
  1839 | D:2      | Reached skill level 5 in Axes
  1847 | D:2      | Found an ornate altar of the Wu Jian Council.
  2041 | D:2      | Reached XP level 4. HP: 27/40 MP: 4/4
  3137 | D:3      | Noticed Jessica
  3164 | D:3      | Killed Jessica
  3165 | D:3      | Reached XP level 5. HP: 14/47 MP: 5/5
  3589 | D:3      | Noticed Ijyb
  3601 | D:3      | Killed Ijyb
  3602 | D:3      | Reached skill level 6 in Axes
  4193 | D:3      | Found a snail-covered altar of Cheibriados.
  4290 | D:3      | Found a hazy altar of Hepliaklqana.
  4546 | D:4      | Noticed an ogre
  4552 | D:4      | Slain by an ogre

Illustrated notes

Levels and vault maps discovered:
D:1:      onia_arrival_mini_spirals, layout_basic,
          chequers_ecumenical_altar_island, serial_glass, glass_columns_a,
          glass_columns_a, glass_columns_c, glass_columns_c, glass_columns_a,
          glass_columns_a, glass_columns_a, glass_columns_b, minmay_bisected
D:2:      wad_crossroads, layout_basic, basic_altar, minmay_rat_hole
D:3:      layout_basic, nicolae_overflow_crystal_walls,
          nicolae_hepliaklqana_monster_ancestors, st_stairs_10,
          minmay_distorted, uniq_ijyb, uniq_jessica
D:4:      layout_loops_ring, tgw_fedhas, nicolae_ru_awakened_eye, serial_shops,
          nicolae_shop_behind_doors, serial_bayou_lagoon_b

Skill      XL: |  1  2  3  4  5 |
---------------+----------------+-----
Fighting       | 4 |  4.7
Axes           | 5 6 |  6.4
Stealth        | 2 |  2.4
Dodging        | 3 |  3.1
Armour         | |  0.3

Action                   |  1- 3 |  4- 6 || total
-------------------------+-------+-------++-------
Melee: Hand axe          |   146 |   171 ||   317
  Use: Potion            |       |     2 ||     2
 Stab: Sleeping          |     3 |     4 ||     7
Armor: Robe              |    27 |    24 ||    51
       Ring mail         |       |    26 ||    26
       Plate armour      |       |     1 ||     1
Dodge: Dodged            |    92 |   113 ||   205

Table legend: (Time is in decaauts)
 A = Elapsed time spent in this place.
 B = Non-inter-level travel time spent in this place.
 C = Inter-level travel time spent in this place.
 D = Time resting spent in this place.
 E = Time spent auto-exploring this place.
 F = Levels seen in this place.
 G = Mean time per level.
                   A        B        C        D        E       F      G
               +--------+--------+--------+--------+--------+-----+--------+
         Total |   4563 |   4481 |     82 |    311 |   3564 |   4 | 1140.8 |
       Dungeon |   4563 |   4481 |     82 |    311 |   3564 |   4 | 1140.8 |
               +--------+--------+--------+--------+--------+-----+--------+

Top non-repeatable levels by time:
     D:2: 1544 daAuts
     D:1: 1519 daAuts
     D:3: 1389 daAuts
     D:4: 109 daAuts
